 Dungeon Crawl Stone Soup version 0.28.0-45-g0d030f2227 (webtiles) character file.

Game seed: 6810709885549208974

32 zeratav the Insei (level 3, -4/23 HPs)
             Began as an Octopode Transmuter on Apr 10, 2022.
             Slain by Natasha (8 damage)
             ... on level 2 of the Dungeon.
             The game lasted 00:01:17 (1499 turns).

zeratav the Insei (Octopode Transmuter)             Turns: 1499, Time: 00:01:17

Health: -4/23      AC:  1    Str:  9    XL:     3   Next: 27%
Magic:  5/6        EV: 13    Int: 15    God:
Gold:   83         SH:  0    Dex: 14    Spells: 5/6 levels left

rFire   . . .      SeeInvis .     - Unarmed
rCold   . . .      Faith    .   (no shield)
rNeg    . . .      Spirit   .   (helmet restricted)
rPois   .          Reflect  .   (no amulet)
rElec   .          Harm     .   (no ring)
rCorr   .          Rampage  .   (no ring)
Will    .....                   (no ring)
Stlth   +++.......              (no ring)
HPRegen 0.07/turn               (no ring)
MPRegen 0.10/turn               (no ring)
                                (no ring)
                                (no ring)

@: no status effects
A: almost no armour, amphibious, 8 rings, camouflage 1, gelatinous body 1,
(nimble swimmer 1), tentacles
a: no special abilities


You were on level 2 of the Dungeon.
You visited 1 branch of the dungeon, and saw 2 of its levels.

You collected 83 gold pieces.


Innate Abilities, Weirdness & Mutations

You cannot wear most types of armour.
You are amphibious.
You can wear up to eight rings at the same time.
Your skin changes colour to match your surroundings (Stealth+).
Your rubbery body absorbs attacks. (AC +1, EV +1)
((You are camouflaged when in or above water. (Stealth+)))
You have tentacles for arms and can constrict up to eight enemies at once.


   Skills:
 + Level 1.5 Fighting
 + Level 2.3 Dodging
 + Level 1.6 Stealth
 * Level 3.5 Unarmed Combat
 - Level 2.0 Spellcasting
 - Level 2.0 Transmutations


You had 5 spell levels left.
You knew the following spells:

 Your Spells              Type           Power      Damage    Failure   Level
a - Beastly Appendage     Tmut           14%        N/A       10%         1

Your spell library contained the following spells:

 Spells                   Type           Power      Damage    Failure   Level
 Wereblood                Tmut           7%         N/A       14%         2
 Spider Form              Tmut/Pois      4%         N/A       41%         3
 Ice Form                 Ice/Tmut       4%         N/A       82%         4
 Freezing Cloud           Conj/Ice/Air   0%         6-21      99%         5
 Simulacrum               Ice/Necr       0%         N/A       100%        6
 Polar Vortex             Ice            0%         N/A       100%        9

Inventory:

Scrolls
 a - a scroll of torment {unknown}
 c - a scroll of identify {unknown}
 e - a scroll of enchant weapon {unknown}
 f - a scroll of teleportation {unknown}
Potions
 b - a potion of degeneration {unknown}
 d - a potion of mutation {unknown}

Dungeon Overview and Level Annotations

Branches:
Dungeon (2/15)

Altars:

Annotations:
D:2 Natasha

#.##########
#.##########
#.##........ #
#.##.####### #.#######
#.##.#
........#####.##.#
.................#
......h.#####.#..#
.......@...##....#
...........###.#.#
...........# #.#.#
...........# #.#.##
.###+##....###.#<.######
.....................
...##....###.#......#.
.. ########.#......#. .
.........#..#####.


You could see Natasha.


Message History

Found a stone staircase leading down.
There is a stone staircase leading up here.
Found an escape hatch in the ceiling.
An adder comes into view.
One of your tentacles grows a vicious spike.
MP[-1]
You lost 1 mp, and now have 4/5 mp.
No target in view!
An adder is nearby!
You miss the adder. Your grab misses the adder.
Your tentacle-slap misses the adder.
Your transformation is almost over.
The adder bites you.
HP[-1]
You take 1 damage, and now have 17/18 hp.
You tentacle-slap the adder. Your grab misses the adder.
You pierce the adder, but do no damage.
Your squeeze misses the adder. The adder closely misses you. x2
You tentacle-slap the adder. You grab the adder.
You pierce the adder.
You constrict the adder. The adder barely misses you.
You tentacle-slap the adder.
You kill the adder!
You have reached level 3!
Your experience leads to an increase in your attributes!
Increase (S)trength, (I)ntelligence, or (D)exterity?
You feel agile. x2
HP[+5]
You now have 23 max hp (+5).
You regained 5 hp, and now have 22/23 hp.
Your tentacle spike disappears.
An endoplasm comes into view.
The endoplasm quivers.
HP[+1] MP[+2]
Your hp is fully restored (23).
Your mp is fully restored (6).
An endoplasm is nearby!
One of your tentacles grows a vicious spike.
MP[-1]
You lost 1 mp, and now have 5/6 mp.
Your transformation is almost over.
You tentacle-slap the endoplasm.
You pierce the endoplasm.
You kill the endoplasm!
No target in view!
No target in view!
No target in view!
No target in view!
No target in view!
No target in view!
No target in view!
No target in view!
No target in view!
No target in view!
No target in view!
No target in view!
Your tentacle spike disappears.
You now have 71 gold pieces (gained 10).
f - a scroll labelled DOUVIMEMEU MP[+1]
Your mp is fully restored (6).
You now have 83 gold pieces (gained 12).
Natasha, Servant of Life and Death comes into view.
You miscast Beastly Appendage.
You are very lightly contaminated with residual magic.
Nothing appears to happen.
MP[-1]
You lost 1 mp, and now have 5/6 mp.
Natasha hisses angrily.
Natasha claws you!
HP[-8]
You take 8 damage, and now have 15/23 hp.
MASSIVE DAMAGE!! (PAUSE)
You closely miss Natasha. Your grab misses Natasha.
Your squeeze misses Natasha. Natasha casts a spell at you.
The magic dart hits you!
* * * LOW HITPOINT WARNING * * *
Your magical contamination has completely faded away.
You are too injured to fight recklessly!
HP[-11]
You take 11 damage, and now have 4/23 hp.
MASSIVE DAMAGE!! (PAUSE)
You are too injured to fight recklessly!
You are too injured to fight recklessly!
You are too injured to fight recklessly!
You are too injured to fight recklessly!
You are too injured to fight recklessly!
You are too injured to fight recklessly!
You are too injured to fight recklessly!
You are too injured to fight recklessly!
You are too injured to fight recklessly!
You are too injured to fight recklessly!
You are too injured to fight recklessly!
You are too injured to fight recklessly!
You are too injured to fight recklessly!
You are too injured to fight recklessly!
You are too injured to fight recklessly!
You are too injured to fight recklessly!
You tentacle-slap Natasha. You grab Natasha.
You constrict Natasha, but do no damage.
Natasha claws you!
You die...

Skill      XL: |  1 |
---------------+----+-----
Stealth        | 1 |  1.6
Fighting       | |  1.5
Dodging        | |  2.3
Unarmed Combat | |  3.5
Spellcasting   | |  2.0
Transmutations | |  2.0

Action                   || total
-------------------------++-------
Melee: Unarmed           ||    54
       Kick              ||    13
       Constrict         ||    14
       Tentacles         ||     4
       Punch             ||     1
 Cast: Beastly Appendage ||    16
 Stab: Sleeping          ||     4
Armor: Skin              ||     3
Dodge: Dodged            ||    45

Levels and vault maps discovered:
D:1:      dpeg_arrival_fog, layout_basic, chequers_serial_rivers_marsh,
          nicolae_figureground_sparkle
D:2:      layout_basic, uniq_natasha

Notes
Turn   | Place    | Note
-------+----------+-------------------------------------------
     0 | D:1      | zeratav the Octopode Transmuter began the quest for the
                  | Orb.
     0 | D:1      | Reached XP level 1. HP: 13/13 MP: 3/3
     0 | D:1      | magus.rc [v1.9.6]
   611 | D:1      | Reached skill level 1 in Stealth
   611 | D:1      | Reached XP level 2. HP: 14/18 MP: 3/5
  1071 | D:1      | You pick up a book of Ice and begin reading...
  1071 | D:1      | You add the spells Freezing Cloud, Simulacrum and Polar
                  | Vortex to your library.
  1352 | D:2      | Reached XP level 3. HP: 22/23 MP: 4/6
  1491 | D:2      | Noticed Natasha
  1498 | D:2      | HP: 4/23 [Natasha/magic dart (11)]
  1499 | D:2      | Slain by Natasha

Vanquished Creatures
  An adder (D:2)
  A dart slug (D:1)
  2 ball pythons (D:1)
  4 endoplasms
  2 giant cockroaches (D:1)
  A goblin (D:1)
  2 hobgoblins (D:1)
  4 bats (D:1)
  3 frilled lizards (D:1)
  A rat (D:1)
21 creatures vanquished.

Table legend:
 A = Non-vault XP
 B = Vault XP
 C = Vault XP percentage of total XP
 D = Non-vault monster count
 E = Vault monster count
 F = Vault count percentage of total count
                 A         B        C        D         E       F
            +---------+---------+-------+---------+---------+-------
      Total |      47 |       0 |   0.0 |      21 |       0 |   0.0
            +---------+---------+-------+---------+---------+-------
        D:1 |      32 |       0 |   0.0 |      19 |       0 |   0.0
        D:2 |      15 |       0 |   0.0 |       2 |       0 |   0.0
            +---------+---------+-------+---------+---------+-------

Illustrated notes

Table legend:
 A = Kills in this place as a percentage of kills in entire the game.
 B = Kills by you in this place as a percentage of kills by you in the entire game.
 C = Kills by friends in this place as a percentage of kills by friends in the entire game.
 D = Other kills in this place as a percentage of other kills in the entire game.
 E = Experience gained in this place as a percentage of experience gained in the entire game.
 F = Experience gained in this place divided by the number of levels of this place that you have seen.
                   A       B       C       D       E      F
               +-------+-------+-------+-------+-------+----------------------
         Total | 100.0 | 100.0 |   N/A |   N/A | 100.0 |  23.5
       Dungeon | 100.0 | 100.0 |   N/A |   N/A | 100.0 |  23.5
               +-------+-------+-------+-------+-------+----------------------

Table legend: (Time is in decaauts)
 A = Elapsed time spent in this place.
 B = Non-inter-level travel time spent in this place.
 C = Inter-level travel time spent in this place.
 D = Time resting spent in this place.
 E = Time spent auto-exploring this place.
 F = Levels seen in this place.
 G = Mean time per level.
                   A        B        C        D        E       F      G
               +--------+--------+--------+--------+--------+-----+--------+
         Total |   1495 |   1486 |      9 |    339 |    976 |   2 |  747.5 |
       Dungeon |   1495 |   1486 |      9 |    339 |    976 |   2 |  747.5 |
               +--------+--------+--------+--------+--------+-----+--------+

Top non-repeatable levels by time:
     D:1: 1316 daAuts
     D:2: 178 daAuts
